 Dungeon Crawl Stone Soup version 0.31-a0-1008-g5b978dac0e (webtiles) character file.

Game seed: 13724303111343406384

581 Queen the Ducker (level 7, -1/54 HPs)
             Began as a Demonspawn Gladiator on Nov 13, 2023.
             Was an Initiate of Makhleb.
             Splashed by a jelly's acid (8 damage)
             ... on level 5 of the Dungeon.
             The game lasted 00:12:50 (3162 turns).

Queen the Ducker (Demonspawn Gladiator)             Turns: 3162, Time: 00:12:50

Health: -1/54      AC: -1    Str: 17    XL:     7   Next: 14%
Magic:  0/9        EV: 14    Int:  9    God:    Makhleb [......]
Gold:   313        SH:  0    Dex: 20    Spells: 6/6 levels left

rFire   . . .        a - +0 trident
rCold   . . .        (no shield)
rNeg    . . .        b - +0 leather armour
rPois   .            c - +0 helmet
rElec   .            (no cloak)
rCorr   .            (no gloves)
SInv    .            n - +0 pair of boots
Will    .....        (no amulet)
Stlth   +            t - +6 ring of dexterity
HPRegen 0.29/turn    (no ring)
MPRegen 0.22/turn

%: guardian spirit
@: corroded, hasted, very quick
A: claws 1, thin metallic scales 1, foul stench 2, magic shield, magic
regeneration
a: Renounce Religion


You were on level 5 of the Dungeon.
You worshipped Makhleb.
Makhleb was noncommittal.
You visited 2 branches of the dungeon, and saw 6 of its levels.

You collected 313 gold pieces.

Inventory:

Hand Weapons
 a - a +0 trident (weapon)
Missiles
 d - a throwing net (quivered)
 e - a javelin
 s - 43 stones
 v - 4 poisoned darts
 w - 3 boomerangs
Armour
 b - a +0 leather armour (worn)
 c - a +0 helmet (worn)
 n - a +0 pair of boots (worn)
Jewellery
 t - a +6 ring of dexterity (left claw)
Scrolls
 f - 2 scrolls of fog
 i - a scroll of immolation
 l - a scroll of enchant armour {unknown}
 m - a scroll of noise {unknown}
 u - a scroll of amnesia {unknown}
Potions
 g - a potion of mutation
 h - 2 potions of cancellation
 j - 2 potions of might
 k - a potion of haste
 o - a potion of lignification
 p - a potion of attraction
 q - 2 potions of brilliance
 r - a potion of heal wounds {unknown}


   Skills:
 * Level 4.1 Fighting
 * Level 4.2 Polearms
 + Level 3.4 Throwing
 * Level 4.2 Dodging
 * Level 3.2 Invocations


You had 6 spell levels left.
You didn't know any spells.
Your spell library contained the following spells:

 Spells                   Type           Power      Damage    Failure   Level
 Apportation              Tloc           0%         N/A       45%         1
 Necrotise                Necr           0%         1d4       45%         1
 Summon Small Mammal      Summ           0%         N/A       45%         1
 Gell's Gravitas          Tloc           0%         N/A       83%         3
 Teleport Other           Tloc           0%         N/A       83%         3
 Dispersal                Tloc           0%         N/A       100%        6


Dungeon Overview and Level Annotations

Branches:
Dungeon (5/15)             Temple (1/1) D:4

Altars:
Cheibriados
Dithmenos
Fedhas
Gozag
Hepliaklqana
Kikubaaqudgha
Makhleb
Nemelex Xobeh
Okawaru
Trog
Uskayaw
Wu Jian
Yredelemnul


Innate Abilities, Weirdness & Mutations

You have sharp fingernails.
You are partially covered in thin metallic scales. (AC +2)
You sometimes emit foul miasma when damaged in melee.
When hurt, damage is shared between your health and your magic reserves.
You regenerate magic rapidly.


Message History

You closely miss the orc. The orc barely misses you.
You closely miss the orc. The jelly hits you but does no damage.
The orc hits you but does no damage.
You hit the orc.
The orc is moderately wounded.
The jelly hits you. The acid corrodes you!
You are splashed with acid!
The orc closely misses you.
You hit the orc.
The orc is heavily wounded.
The jelly barely misses you. The orc completely misses you.
You hit the orc but do no damage.
The orc is heavily wounded.
The jelly hits you but does no damage. The orc hits you with a +0 dagger.
You completely miss the orc.
The orc is heavily wounded.
The orc barely misses you. The jelly hits you. The acid corrodes you!
You are splashed with acid!
You hit the orc but do no damage.
The orc is heavily wounded.
The sentinel's mark upon you fades away.
The orc hits you with a +0 dagger. The jelly hits you.
You are splashed with acid!
* * * LOW HITPOINT WARNING * * *
The jelly closely misses you. The orc hits you with a +0 dagger.
* * * LOW HITPOINT WARNING * * *
You emit a cloud of foul miasma!
You barely miss the orc.
The orc is heavily wounded.
The jelly barely misses you.
The orc is engulfed in dark miasma.
The orc is poisoned.
The orc hits you with a +0 dagger.
* * * LOW HITPOINT WARNING * * *
The jelly jiggles.
The orc is engulfed in dark miasma.
The orc looks even sicker.
You kill the orc!
Makhleb accepts your kill.
Things that are here:
a +0 whip; a +0 leather armour The jelly attacks as it pursues you!
The jelly closely misses you.
You feel yourself speed up. The jelly hits you.
You are splashed with acid!
You die...

............#
............#
............#
..[.........##
.........>...#
.............#
.............#
.....#....J..#
.....#...)☼@.#
.... #.......#
...
####.##.###
... #.##...#
..####.# .###
#.# .# #.###
.. #...# ###.#


You could see a jelly.

Vanquished Creatures
  Pargi (D:4)
  A sky beast (D:4)
  An ogre (D:4)
  3 hounds
  An orc priest (D:5)
  An iguana (D:4)
  2 orc wizards
  3 adders
  2 ufetubi (D:5)
  2 worms (D:2)
  A dart slug (D:2)
  9 orcs
  7 endoplasms
  2 giant cockroaches (D:1)
  6 hobgoblins
  A jackal (D:1)
  2 quokkas
  10 ball pythons
  7 bats
  3 frilled lizards
  4 goblins
  A kobold (D:2)
  7 rats
77 creatures vanquished.

Notes
Turn   | Place    | Note
-------+----------+-------------------------------------------
     0 | D:1      | Queen the Demonspawn Gladiator began the quest for the Orb.
     0 | D:1      | Reached XP level 1. HP: 16/16 MP: 1/1
   203 | D:1      | Gained mutation: You have sharp fingernails. [demonic
                  | ancestry]
   203 | D:1      | Reached XP level 2. HP: 22/22 MP: 2/2
   596 | D:2      | Gained mutation: You are partially covered in thin metallic
                  | scales. (AC +2) [demonic ancestry]
   596 | D:2      | Reached XP level 3. HP: 28/28 MP: 3/3
  1020 | D:3      | Gained mutation: You regenerate magic rapidly. [demonic
                  | ancestry]
  1020 | D:3      | Reached XP level 4. HP: 31/34 MP: 4/4
  1143 | D:3      | Identified the +9 mace "Gadoan" {venom, rF+ rCorr MP+9
                  | Int+2}
  1210 | D:3      | Found a faded altar of an unknown god.
  1503 | D:3      | Found a faded altar of an unknown god.
  1719 | D:4      | Found a staircase to the Ecumenical Temple.
  1757 | Temple   | Entered the Ecumenical Temple
  1770 | Temple   | Became a worshipper of Makhleb the Destroyer
  1816 | D:4      | Gained mutation: You may rarely emit foul miasma when
                  | damaged in melee. [demonic ancestry]
  1816 | D:4      | Reached XP level 5. HP: 40/41 MP: 5/5
  2070 | D:4      | Noticed a sky beast
  2091 | D:4      | Killed a sky beast
  2092 | D:4      | Reached skill level 1 in Invocations
  2243 | D:4      | Gained mutation: You sometimes emit foul miasma when
                  | damaged in melee. [demonic ancestry]
  2243 | D:4      | Reached XP level 6. HP: 41/47 MP: 7/7
  2519 | D:4      | Noticed Pargi
  2540 | D:4      | Killed Pargi
  3019 | D:5      | Identified the "Lefegrui"
  3019 | D:5      | Entered Level 5 of the Dungeon
  3132 | D:5      | Gained mutation: When hurt, damage is shared between your
                  | health and your magic reserves. [demonic ancestry]
  3132 | D:5      | Reached XP level 7. HP: 54/54 MP: 9/9
  3162 | D:5      | Splashed by a jelly's acid

Illustrated notes

Levels and vault maps discovered:
D:1:      onia_arrival_handbag, layout_basic, minmay_distorted
D:2:      layout_basic, basic_altar, minmay_crystal_room, minmay_split_cup_small
D:3:      layout_rooms, shapermc_ecumenical_altar_mp_ritualfount
D:4:      layout_basic, minmay_temple_entry_large_hall,
          kennysheep_generic_room_6, uniq_pargi
D:5:      layout_basic, gup_sewer_entry_glass, st_stairs_10,
          minmay_misc_feat_five, kennysheep_pointless_box
Temple:   compressed_dpeg_triangle_lava_temple

Skill      XL: |  1  2  3  4  5  6 |
---------------+-------------------+-----
Throwing       | 2 3 |  3.4
Polearms       | 3 4 |  4.2
Dodging        | 3 4 |  4.2
Fighting       | 3 4 |  4.1
Invocations    | 1 3 |  3.2

Action                     |  1- 3 |  4- 6 |  7- 9 || total
---------------------------+-------+-------+-------++-------
  Melee: Trident           |   108 |   148 |    24 ||   280
         Punch             |     2 |     1 |     1 ||     4
  Throw: Throwing net      |       |     3 |       ||     3
         Dart              |       |     2 |       ||     2
    Use: Scroll            |     6 |     3 |       ||     9
         Potion            |       |       |     1 ||     1
   Stab: Sleeping          |     4 |     1 |       ||     5
         Held in net/web   |       |     1 |       ||     1
 Armour: Leather armour    |    33 |    80 |    30 ||   143
  Dodge: Dodged            |    52 |    78 |    25 ||   155

Table legend: (Time is in decaauts)
 A = Elapsed time spent in this place.
 B = Non-inter-level travel time spent in this place.
 C = Inter-level travel time spent in this place.
 D = Time resting spent in this place.
 E = Time spent auto-exploring this place.
 F = Levels seen in this place.
 G = Mean time per level.
                   A        B        C        D        E       F      G
               +--------+--------+--------+--------+--------+-----+--------+
         Total |   3199 |   2931 |    268 |    259 |   1952 |   6 |  533.2 |
       Dungeon |   3173 |   2930 |    243 |    259 |   1952 |   5 |  634.6 |
        Temple |     26 |      1 |     25 |      0 |      0 |   1 |   26.0 |
               +--------+--------+--------+--------+--------+-----+--------+

Top non-repeatable levels by time:
     D:4: 1005 daAuts
     D:3: 776 daAuts
     D:2: 714 daAuts
     D:1: 528 daAuts
     D:5: 146 daAuts
  Temple: 26 daAuts
